 Dungeon Crawl Stone Soup version 0.17.1-2-g5865329 (webtiles) character file.

80 Mysteryquy the Cudgeler (level 4, -1/28 HPs)
             Began as a Gargoyle Fighter on Feb 16, 2016.
             Killed from afar by an orc wizard (4 damage)
             ... with a magic dart
             ... on level 2 of the Dungeon.
             The game lasted 00:02:43 (1093 turns).

Mysteryquy the Cudgeler (Gargoyle Fighter)          Turns: 1093, Time: 00:02:45

Health: -1/28      AC: 10    Str: 20    XL:     4   Next: 39%
Magic:  4/4        EV:  7    Int:  9    God:
Gold:   98         SH:  9    Dex:  9    Spells: 0 memorised, 3 levels left

rFire  . . .     SeeInvis .     a - +0 flail
rCold  . . .     Clarity  .     b - +0 scale mail
rNeg   + . .     SustAt   .     c - +0 shield
rPois  ∞         Gourm    .     (no helmet)
rElec  +         Spirit   .     (no cloak)
rCorr  .         Warding  .     (no gloves)
rMut   .         Stasis   .     (no boots)
MR     .....                    (no amulet)
Stlth  ..........               (no ring)
                                (no ring)

@: not resistant to hostile enchantments, extremely unstealthy
A: negative energy resistance 1, electricity resistance, unbreathing,
petrification resistance, rot immunity, AC +3
a: no special abilities


You were on level 2 of the Dungeon.
You were not hungry.

You visited 1 branch of the dungeon, and saw 3 of its levels.

You collected 98 gold pieces.

Inventory:

Hand Weapons
 a - a +0 flail (weapon)
Armour
 b - a +0 scale mail (worn)
 c - a +0 shield (worn)
Scrolls
 h - 2 scrolls of enchant armour {unknown}
 i - 4 scrolls of teleportation {unknown}
 k - a scroll of recharging {unknown}
 m - 3 scrolls of immolation {unknown}
 n - 2 scrolls of remove curse {unknown}
 q - 4 scrolls of identify {unknown}
 s - a scroll of fear {unknown}
Potions
 d - 2 potions of might
 f - a potion of haste {unknown}
 g - 4 potions of curing {unknown}
 j - 2 potions of lignification {unknown}
 p - a potion of cure mutation {unknown}
 u - 2 potions of resistance {unknown}
Comestibles
 e - 3 bread rations
 l - a royal jelly
 o - a slice of pizza
 r - a meat ration
 t - a beef jerky
 v - 3 chunks of flesh


   Skills:
 - Level 3.2 Fighting
 + Level 4.5 Maces & Flails
 - Level 3.2 Armour
 - Level 3.2 Shields


You had 3 spell levels left.
You didn't know any spells.

Dungeon Overview and Level Annotations

Branches:
Dungeon (3/15)

Altars:


Innate Abilities, Weirdness & Mutations

You are resistant to torment.
Your stone body is resilient (AC +3).
You are immune to poison.
You resist negative energy.
You are resistant to electric shocks.
You can survive without breathing.
You are immune to petrification.
You are immune to rotting.


Message History

Your shield prevents you from hitting something.
Something hits you but does no damage. The orc hits you but does no damage.
You barely miss something. Something hits you but does no damage.
You block the orc's attack.
You miss something. Something hits you but does no damage.
The orc hits you but does no damage.
You hear some strange, mumbled words.
Something tries to affect you, but you resist.
Your shield and scale mail prevent you from hitting something.
You block the orc's attack. Something hits you but does no damage.
You barely miss something. The orc barely misses you. Something hits you.
* * * LOW HITPOINT WARNING * * *
The orc barely misses you.
You miss something. Something hits you but does no damage.
The orc hits you with a trident.
* * * LOW HITPOINT WARNING * * *
You hear some strange, mumbled words.
A magic dart appears from out of thin air!
The magic dart hits you!
You die...

#.......#
#.#####.# #.#
#...# #.#
#.####### # #.#
#.......#### #.#
#..##......# #.#
#..##......#
###.###..#.......#
#@o.........(.....
#{#.###..#.......#
#.#.###†.#.......#
#.#......#........
#.#......#..#.####
#.#......##.#.#
#.#.........#.#
#.#.####.####.#
#.#......# #.#


You could see an orc.

Vanquished Creatures
  Ijyb (D:2)
  2 adders (D:2)
  A worm (D:2)
  3 orcs
  A giant cockroach (D:2)
  6 goblins
  6 hobgoblins
  A ball python (D:1)
  2 bats
  2 giant newts (D:2)
  3 kobolds
  5 rats
33 creatures vanquished.

Notes
Turn   | Place    | Note
--------------------------------------------------------------
     0 | D:1      | Mysteryquy the Gargoyle Fighter began the quest for the Orb.
     0 | D:1      | Reached XP level 1. HP: 14/14 MP: 1/1
   131 | D:1      | Reached XP level 2. HP: 19/19 MP: 2/2
   644 | D:2      | Noticed Ijyb
   663 | D:2      | Killed Ijyb
   663 | D:2      | Reached XP level 3. HP: 14/23 MP: 3/3
   734 | D:2      | Reached skill level 4 in Maces & Flails
   811 | D:2      | Reached XP level 4. HP: 19/28 MP: 4/4
  1093 | D:2      | Killed from afar by an orc wizard

Action                   |  1- 3 |  4- 6 || total
-------------------------+-------+-------++-------
Melee: Flail             |   100 |    60 ||   160
  Eat: Chunk             |       |     1 ||     1
